AoeStats
← 白日依山尽

Arena

504455204Analyzed
4v4 RM · 27d ago on Sep 5, 2026· 41m 34s· 8 players
Game mode
Random Map
Map size
Large (8 player)
Population
200
Speed
Normal
Resources
Standard
Victory
Conquest
Starting age
Dark Age
Ending age
Imperial Age
RankedLock teamsTeams togetherTeam positionsShared explorationLock speedFull tech treeHidden civsTurbo modeCheats
Victory
Defeat
🇨🇳 Portuguese · China
1178
+16
🇹🇼 Franks · Taiwan
1173
+16
🇨🇳 Mongols · China
1168
+16
🇨🇴 Japanese · Colombia
1154
+17
1195
-18
🇹🇷 Turks · Türkiye
1178
-16
🇹🇷 Armenians · Türkiye
1178
-16
🇯🇵 Khmer · Japan
1139
-15
崽仔
5:28 Loom
9:35 Feudal Age
11:16 Fletching
11:20 Double-Bit Axe
12:57 Horse Collar
15:21 Wheelbarrow
21:41 Castle Age
19:41 Stone Mining
27:12 Imperial Age
25:51 Bow Saw
29:21 Chemistry
31:52 Heavy Plow
32:54 Two-Man Saw
32:27 Padded Archer Armor
32:26 Gold Mining
34:25 Conscription
34:00 Guard Tower
34:09 Bodkin Arrow
35:03 Bracer
36:11 Stone Shaft Mining
36:41 Leather Archer Armor
38:07 Keep
40:30 Hand Cart
poppypon
11:23 Feudal Age
15:32 Castle Age
13:38 Double-Bit Axe
16:31 Bow Saw
20:43 Stone Mining
22:03 Gold Mining
24:33 Wheelbarrow
29:02 Imperial Age
26:51 Scale Barding Armor
26:56 Forging
26:49 Husbandry
27:52 Chain Barding Armor
27:44 Forging
27:26 Fletching
29:16 Ballistics
29:41 Iron Casting
28:27 Pikeman
29:08 Squires
29:57 Hand Cart
30:22 Plate Barding Armor
29:09 Cavalier
30:34 Conscription
30:18 Town Watch
30:18 Loom
30:41 Paladin
33:26 Chemistry
33:59 Blast Furnace
33:54 #83
33:39 Chivalry
34:17 Hoardings
35:22 Elite Throwing Axeman
36:22 #83
37:24 Bodkin Arrow
42:19 Siege Engineers
白日依山尽
11:24 Feudal Age
15:31 Castle Age
13:33 Double-Bit Axe
13:30 Horse Collar
19:56 Wheelbarrow
22:29 Hand Cart
22:47 Loom
23:50 Bow Saw
24:02 Scale Barding Armor
24:07 Forging
24:04 Heavy Plow
23:56 Gold Mining
25:11 Gold Shaft Mining
29:07 Imperial Age
26:41 Husbandry
27:08 Town Watch
27:55 Bloodlines
27:07 Light Cavalry
27:43 Stone Mining
28:35 Chain Barding Armor
28:51 Iron Casting
29:17 Elite Steppe Lancer
31:48 Blast Furnace
31:18 Hussar
32:30 Siege Engineers
33:49 Capped Ram
34:53 Conscription
35:18 Siege Ram
37:54 Drill
41:07 Coinage
42:45 Hoardings
ian.7473
10:59 Feudal Age
12:04 Double-Bit Axe
15:01 Castle Age
13:11 Horse Collar
13:39 Stone Mining
15:50 Wheelbarrow
21:16 Town Watch
22:23 Bow Saw
23:36 Gold Mining
25:02 Gold Shaft Mining
24:51 Hand Cart
29:09 Imperial Age
26:27 Pikeman
27:13 Scale Mail Armor
27:08 Loom
27:24 Town Patrol
27:33 Heavy Plow
28:42 Chain Mail Armor
29:34 Ballistics
29:05 Fletching
29:27 Forging
30:57 Chemistry
30:04 Siege Engineers
30:32 Plate Mail Armor
31:18 Two-Man Saw
30:39 Halberdier
32:01 Squires
31:47 Gambesons
31:47 Arson
32:00 Guard Tower
31:56 Arrowslits
33:35 Kataparuto
33:37 Conscription
32:58 Onager
34:45 Yasama
35:44 Block Printing
37:18 Redemption
38:32 Iron Casting
37:53 Bodkin Arrow
38:36 Keep
37:43 Treadmill Crane
37:59 Murder Holes
38:15 Masonry
37:44 Man-at-Arms
39:08 Heavy Cavalry Archer
39:57 Thumb Ring
40:15 Fervor
40:28 Sanctity
41:06 Parthian Tactics
42:52 Blast Furnace
41:54 Bracer
41:55 Padded Archer Armor
iDISMANTLE
4:59 Loom
11:25 Feudal Age
11:42 Man-at-Arms
16:19 Castle Age
14:55 Double-Bit Axe
17:38 Man-at-Arms
18:23 Gambesons
24:27 Wheelbarrow
23:40 Horse Collar
24:04 Horse Collar
26:29 Bow Saw
26:58 Gold Mining
27:42 Long Swordsman
28:22 Squires
28:08 Arson
28:25 Scale Mail Armor
28:35 Two-Handed Swordsman
29:22 Pikeman
30:19 Forging
33:18 Imperial Age
32:17 Hand Cart
31:31 Halberdier
32:37 Chain Mail Armor
35:24 Iron Casting
35:36 Town Watch
37:11 Plate Mail Armor
37:41 Blast Furnace
40:26 Heavy Plow
168kcal
10:32 Feudal Age
14:39 Castle Age
12:28 Loom
12:49 Double-Bit Axe
14:07 Horse Collar
14:48 Scale Mail Armor
15:22 Man-at-Arms
20:45 Bow Saw
22:26 Wheelbarrow
22:07 Gold Mining
24:31 Heavy Plow
26:39 Forging
26:35 Long Swordsman
32:43 Imperial Age
30:00 Town Watch
30:08 Fletching
31:41 Hand Cart
31:43 Chain Mail Armor
32:32 Iron Casting
33:12 Two-Handed Swordsman
33:38 Arson
34:55 Blast Furnace
33:41 Pikeman
34:57 Conscription
35:46 Scale Barding Armor
37:35 Bloodlines
37:26 Husbandry
38:44 Chain Barding Armor
39:30 Devotion
Homogenius
11:47 Feudal Age
14:05 Loom
15:22 Double-Bit Axe
18:08 Castle Age
17:24 Scale Barding Armor
18:03 Forging
20:33 Horse Collar
20:48 Gold Mining
21:55 Wheelbarrow
24:02 Hand Cart
24:36 Gold Shaft Mining
27:24 Husbandry
27:29 Town Watch
28:46 Heavy Plow
31:38 Fortified Wall
32:23 Masonry
36:49 Imperial Age
36:56 Iron Casting
37:22 Bloodlines
37:41 Bow Saw
38:04 Chain Barding Armor
38:52 Blast Furnace
39:46 Two-Man Saw
Carlos Alberto Trebuchetevez
11:20 Feudal Age
15:03 Castle Age
13:29 Double-Bit Axe
13:57 Horse Collar
16:00 Wheelbarrow
16:12 Bow Saw
16:42 Heavy Plow
22:11 Hand Cart
28:09 Chemistry
30:01 Imperial Age
27:31 Loom
27:58 Forging
27:48 Scale Mail Armor
27:44 Pikeman
28:25 Squires
28:10 Arson
28:56 Ballistics
29:36 Iron Casting
29:48 Chain Mail Armor
29:53 Wagenburg Tactics
30:31 Fletching
31:44 Blast Furnace
31:15 Plate Mail Armor
32:41 Conscription
32:41 Halberdier
32:50 Halberdier
34:11 Siege Engineers
35:10 Houfnice
37:49 Plate Mail Armor
39:20 Murder Holes
40:46 Two-Man Saw
Connection lost

Rejoining the realm…

Still unreachable

The connection could not be restored.

Session expired

The server has moved on; the page needs a fresh start.